 Dungeon Crawl Stone Soup version 0.19.1 (webtiles) character file.

147 Firecrotchwizard the Twirler (level 5, -3/41 HPs)
             Began as a Demonspawn Gladiator on Dec 22, 2016.
             Slain by an ogre
             ... wielding a cursed -1 giant club
              (11 damage)
             ... on level 3 of the Dungeon.
             The game lasted 00:04:51 (2694 turns).

Firecrotchwizard the Twirler (Demonspawn Gladiator) Turns: 2694, Time: 00:04:52

Health: -3/41      AC: 10    Str: 15    XL:     5   Next: 8%
Magic:  0/5        EV:  7    Int: 10    God:
Gold:   147        SH:  0    Dex: 14    Spells: 0 memorised, 4 levels left

rFire  + . .     SeeInvis .     a - +0 quarterstaff
rCold  . . .     Gourm    .     x - +0 chain mail
rNeg   . . .     Faith    .     (shield currently unavailable)
rPois  .         Spirit   +     c - +0 helmet
rElec  .         Reflect  .     (no cloak)
rCorr  .         Harm     .     (no gloves)
MR     .....                    k - +0 pair of boots
Stlth  ..........               (no amulet)
                                (no ring)
                                (no ring)

@: no status effects
A: hooves 1, fire resistance 1, magic shield
a: no special abilities


You were on level 3 of the Dungeon.
You were hungry.

You visited 1 branch of the dungeon, and saw 3 of its levels.

You collected 147 gold pieces.

Inventory:

Hand Weapons
 a - a +0 quarterstaff (weapon)
Missiles
 d - a throwing net (quivered)
 p - 6 tomahawks
Armour
 b - a +0 leather armour
 c - a +0 helmet (worn)
 k - a +0 pair of boots (worn)
 x - a +0 chain mail (worn)
Scrolls
 g - 6 scrolls of identify {unknown}
 h - 3 scrolls of recharging {unknown}
 i - 2 scrolls of immolation {unknown}
 j - 2 scrolls of noise {unknown}
 o - 2 scrolls of remove curse {unknown}
 r - a scroll of random uselessness {unknown}
 s - 2 scrolls of magic mapping {unknown}
 v - a scroll of amnesia {unknown}
 w - a scroll of enchant armour {unknown}
 y - a scroll of fear {unknown}
Potions
 e - a potion of mutation {unknown}
 l - 2 potions of curing {unknown}
 m - 2 potions of heal wounds {unknown}
 t - a potion of brilliance {unknown}
 u - 2 potions of lignification {unknown}
 A - a potion of might {unknown}
Comestibles
 f - 2 bread rations
 n - 3 meat rations
 q - a slice of pizza
 z - a beef jerky


   Skills:
 * Level 3.5 Fighting
 * Level 3.7 Staves
 - Level 2.0 Throwing
 + Level 0.8 Armour
 + Level 3.3 Dodging


You had 4 spell levels left.
You didn't know any spells.

Dungeon Overview and Level Annotations

Branches:
Dungeon (3/15)

Altars:


Innate Abilities, Weirdness & Mutations

You have large cloven feet.
Your flesh is heat resistant. (rF+)
When hurt, damage is shared between your health and your magic reserves.


Message History

Your chain mail prevents you from hitting the ogre.
The ogre is moderately wounded.
The ogre hits you but does no damage.
You hit the ogre.
The ogre is moderately wounded.
The ogre hits you with a giant club!!
You hit the ogre but do no damage.
The ogre is moderately wounded.
You hit the ogre but do no damage.
The ogre is moderately wounded.
The ogre hits you with a giant club.
* * * LOW HITPOINT WARNING * * *
You hit the ogre.
The ogre is moderately wounded.
The ogre hits you with a giant club.
* * * LOW HITPOINT WARNING * * *
Your chain mail prevents you from hitting the ogre.
The ogre is moderately wounded.
The ogre hits you with a giant club!
You die...

#.# # #.# #. #.#
#.####.# #..!...#
#####...####### ###
...............
..######
##.........####
#.#..... #.....@...#
#.#.####
#.....O...######.#.....
#.........#........####
#......(..#.......))...
#.........#.....)..###.
#.........#...[....# #.
#.........#........# #.
###########........# ##
#........#


You could see an ogre.

Vanquished Creatures
  An orc wizard (D:3)
  A hound zombie (D:3)
  3 adders
  2 worms
  6 dart slugs (D:1)
  3 leopard geckos (D:2)
  2 orcs (D:3)
  A ball python (D:2)
  2 giant cockroaches (D:2)
  7 goblins
  5 hobgoblins
  11 bats
  5 frilled lizards
  5 kobolds
  6 rats
60 creatures vanquished.

Notes
Turn   | Place    | Note
-------+----------+-------------------------------------------
     0 | D:1      | Firecrotchwizard the Demonspawn Gladiator began the quest for the Orb.
     0 | D:1      | Reached XP level 1. HP: 16/16 MP: 1/1
   124 | D:1      | Gained mutation: When hurt, damage is shared between your health and your magic reserves. [demonic ancestry]
   124 | D:1      | Reached XP level 2. HP: 21/23 MP: 2/2
   811 | D:1      | Reached XP level 3. HP: 28/28 MP: 3/3
  1453 | D:2      | Gained mutation: You have large cloven feet. [demonic ancestry]
  1453 | D:2      | Reached XP level 4. HP: 34/35 MP: 4/4
  2274 | D:3      | Gained mutation: Your flesh is heat resistant. (rF+) [demonic ancestry]
  2274 | D:3      | Reached XP level 5. HP: 40/41 MP: 5/5
  2679 | D:3      | Noticed an ogre
  2694 | D:3      | Slain by an ogre

Skill      XL: |  1  2  3 |
---------------+----------+-----
Throwing       | 2 |  2.0
Staves         | 3 |  3.7
Dodging        | 3 |  3.3
Fighting       | 3 |  3.5
Armour         | |  0.8

Action                   |  1- 3 |  4- 6 || total
-------------------------+-------+-------++-------
Melee: Quarterstaff      |   108 |   103 ||   211
Throw: Throwing net      |       |     2 ||     2
  Eat: Chunk             |     2 |     3 ||     5
Armor: Leather armour    |    47 |    12 ||    59
       Chain mail        |       |    57 ||    57
Dodge: Dodged            |    90 |    54 ||   144
